 Dungeon Crawl Stone Soup version 0.18.1-50-g88ac8fd (webtiles) character file.

1280 Galewin the Cleaver (level 8, -6/64 HPs)
             Began as a Minotaur Berserker on Sept 22, 2016.
             Was a Priest of Trog.
             Killed from afar by an electric eel (8 damage)
             ... with a bolt of electricity
             ... on level 6 of the Dungeon.
             The game lasted 00:11:08 (4466 turns).

Galewin the Cleaver (Minotaur Berserker)            Turns: 4466, Time: 00:11:08

Health: -6/64      AC: 11    Str: 24    XL:     8   Next: 29%
Magic:  7/7        EV:  8    Int:  4    God:    Trog [***...]
Gold:   328        SH:  0    Dex: 16    Spells: 0 memorised, 7 levels left

rFire  . . .     SeeInvis .     a - +0 hand axe
rCold  . . .     Gourm    +     m - +0 plate armour
rNeg   . . .     Faith    .     (no shield)
rPois  .         Spirit   .     (helmet restricted)
rElec  .         Dismiss  .     (no cloak)
rCorr  .         Reflect  .     (no gloves)
SustAt .         Harm     .     (no boots)
MR     ++...                    g - amulet of the gourmand
Stlth  ..........               (no ring)
                                t - +6 ring of dexterity

@: regenerating, very resistant to hostile enchantments, extremely unstealthy
A: retaliatory headbutt, horns 2
a: Berserk, Trog's Hand, Burn Spellbooks, Renounce Religion


You were on level 6 of the Dungeon.
You worshipped Trog.
Trog was most pleased with you.
You were very full.

You visited 1 branch of the dungeon, and saw 6 of its levels.

You collected 328 gold pieces.

Inventory:

Hand Weapons
 a - a +0 hand axe (weapon)
Armour
 m - a +0 plate armour (worn)
Jewellery
 g - an amulet of the gourmand (around neck)
 t - a +6 ring of dexterity (left hand)
Wands
 u - a wand of flame (18/48)
Scrolls
 e - 3 scrolls of remove curse
 f - a scroll of immolation {unknown}
 h - 2 scrolls of noise {unknown}
 i - 3 scrolls of identify
 l - 2 scrolls of enchant weapon {unknown}
 o - a scroll of amnesia {unknown}
 p - a scroll of fear {unknown}
 r - 2 scrolls of blinking {unknown}
 s - a scroll of teleportation {unknown}
 x - a scroll of magic mapping {unknown}
 C - a scroll of brand weapon {unknown}
Potions
 d - a potion of mutation {unknown}
 j - a potion of brilliance {unknown}
 n - 3 potions of heal wounds {unknown}
 v - a potion of agility {unknown}
 w - a potion of cancellation {unknown}
 A - a potion of berserk rage {unknown}
 B - a potion of flight {unknown}
Books
 y - a book of the Dragon

   Spells                             Type                      Level
   a - Flame Tongue                   Conjuration/Fire             1
   b - Cause Fear                     Hexes                        4
   c - Bolt of Fire                   Conjuration/Fire             6
   d - Dragon Form                    Transmutation                7
   e - Dragon's Call                  Summoning                    9
   Trog disapproves of the use of such an item.
Comestibles
 b - 3 beef jerkies
 c - 2 bread rations
 k - 2 meat rations
 q - 2 slices of pizza
 z - 5 fruits


   Skills:
 - Level 3.6 Fighting
 * Level 12.1 Axes
 + Level 2.7 Armour
 + Level 2.4 Dodging


You had 7 spell levels left.
You didn't know any spells.

Dungeon Overview and Level Annotations

Branches:
Dungeon (6/15)             Temple (0/1) D:5

Altars:
Dithmenos
Fedhas
Makhleb
Nemelex Xobeh
Okawaru
Qazlal
Ru
Trog
Vehumet
The Shining One


Innate Abilities, Weirdness & Mutations

You reflexively headbutt those who attack you in melee.
You have a pair of horns on your head.


Message History

The electric eel is moderately wounded.
You completely miss the plant.
The plant is lightly damaged.
You hit the plant.
The plant is heavily damaged.
The electric eel shoots out a bolt of lightning at you!
The bolt of electricity hits you!
* * * LOW HITPOINT WARNING * * *
You feel less exhausted.
The electric eel shoots out a bolt of lightning at you!
The bolt of electricity hits the plant.
The bolt of electricity hits you!
* * * LOW HITPOINT WARNING * * *
The electric eel shoots out a bolt of lightning at you!
The bolt of electricity hits the electric eel.
The electric eel completely resists.
The bolt of electricity hits the plant.
The bolt of electricity hits you!
* * * LOW HITPOINT WARNING * * *
The electric eel shoots out a bolt of lightning at you!
The bolt of electricity hits the plant.
The bolt of electricity hits you!
You die...

#.....##...)......≈≈≈.........)
#................♣≈≈♣♣.........
#<....##......[.♣≈PP≈♣♣........
#...........##.♣♣≈≈≈P≈♣..######
# ####(..........≈≈≈≈P≈≈P♣.# #.
# #.####.#.##♣♣P≈≈≈♣♣P♣≈# #.
######.##......≈♣P≈≈P≈≈≈≈P≈# #.
.....#.##.#.##.♣♣≈P≈≈≈≈≈≈≈♣♣ #.
####.#.##.#[##.P@P≈≈P≈≈≈≈P♣ #.
####.#......##.≈♣≈≈P≈≈≈≈≈≈ #.
#.........####♣♣♣P≈≈≈≈≈≈≈≈ ##
..##.###### ♣≈≈≈;≈≈≈≈≈≈≈ ####.#
♣≈≈≈≈≈≈≈≈≈≈≈ .....#
♣≈≈≈≈≈≈≈≈≈≈≈ ######
♣P≈P≈≈≈≈≈≈≈≈ ♣≈≈≈≈≈;≈≈≈≈≈
♣♣≈≈≈≈≈≈≈≈≈≈


You could see 2 electric eels.

Vanquished Creatures
  A phantom (D:6)
  4 ogres
  A sky beast (D:6)
  A centaur (D:5)
  A water moccasin skeleton (D:5)
  2 scorpions
  3 crimson imps
  2 orc wizards (D:4)
  A hound (D:5)
  2 orc priests (D:4)
  A centaur skeleton (D:4)
  Crazy Yiuf (D:2)
  Jessica (D:2)
  An iguana (D:4)
  A hound skeleton (D:3)
  4 adders
  3 shadow imps
  An ooze (D:4)
  4 worms
  2 dart slugs (D:1)
  2 giant geckos
  11 orcs
  2 ball pythons
  10 bats
  3 giant cockroaches
  10 hobgoblins
  6 jackals
  9 kobolds
  2 quokkas
  A giant gecko skeleton (D:5)
  4 giant newts
  11 goblins
  A jackal skeleton (D:6)
  3 rats (D:1)
112 creatures vanquished.

Notes
Turn   | Place    | Note
--------------------------------------------------------------
     0 | D:1      | Galewin the Minotaur Berserker began the quest for the Orb.
     0 | D:1      | Reached XP level 1. HP: 19/19 MP: 0/0
   132 | D:1      | Reached skill level 4 in Axes
   197 | D:1      | Reached XP level 2. HP: 17/26 MP: 1/1
   494 | D:1      | Reached skill level 5 in Axes
   904 | D:2      | Reached XP level 3. HP: 29/31 MP: 2/2
   908 | D:2      | Reached ** piety under Trog
  1064 | D:2      | Found an iron altar of Okawaru.
  1181 | D:2      | Noticed Jessica
  1186 | D:2      | Killed Jessica
  1224 | D:2      | Found a radiant altar of Vehumet.
  1224 | D:2      | Found a bloodstained altar of Trog.
  1269 | D:2      | Reached XP level 4. HP: 37/39 MP: 3/3
  1317 | D:2      | Reached skill level 6 in Axes
  1337 | D:2      | Noticed Crazy Yiuf
  1345 | D:2      | Killed Crazy Yiuf
  1700 | D:3      | Found a faded altar to an unknown god.
  1838 | D:3      | Found a sparkling altar of Nemelex Xobeh.
  1850 | D:3      | Found a glowing golden altar of the Shining One.
  2002 | D:3      | Reached XP level 5. HP: 43/45 MP: 4/4
  2011 | D:3      | Reached skill level 7 in Axes
  2203 | D:3      | Found a stormy altar of Qazlal.
  2220 | D:3      | Found a shadowy altar of Dithmenos.
  2283 | D:4      | Reached *** piety under Trog
  2330 | D:4      | Reached skill level 8 in Axes
  2539 | D:4      | Reached XP level 6. HP: 32/51 MP: 5/5
  2549 | D:4      | Found a sacrificial altar of Ru.
  2942 | D:4      | Reached skill level 9 in Axes
  3273 | D:5      | Entered Level 5 of the Dungeon
  3339 | D:5      | Reached XP level 7. HP: 57/57 MP: 6/6
  3369 | D:5      | Reached skill level 10 in Axes
  3456 | D:5      | Found a staircase to the Ecumenical Temple.
  3577 | D:5      | Found a burning altar of Makhleb.
  3620 | D:5      | Found a blossoming altar of Fedhas.
  3797 | D:6      | Reached skill level 11 in Axes
  4030 | D:6      | Reached **** piety under Trog
  4030 | D:6      | Reached XP level 8. HP: 64/64 MP: 7/7
  4393 | D:6      | Reached skill level 12 in Axes
  4466 | D:6      | HP: 2/64 [electric eel/bolt of electricity (8)]
  4466 | D:6      | Killed from afar by an electric eel

Skill      XL: |  1  2  3  4  5  6  7  8 |
---------------+-------------------------+-----
Axes           | 4 5 6 8 9 11 12 | 12.1
Fighting       | |  3.6
Armour         | |  2.7
Dodging        | |  2.4

Action                   |  1- 3 |  4- 6 |  7- 9 || total
-------------------------+-------+-------+-------++-------
Melee: Hand axe          |    79 |   144 |   100 ||   323
       Headbutt          |     8 |    27 |    20 ||    55
Invok: Berserk           |     1 |     3 |     2 ||     6
       Trog's Hand       |       |       |     1 ||     1
  Use: Scroll            |     1 |     4 |       ||     5
 Stab: Sleeping          |     1 |       |       ||     1
  Eat: Chunk             |     2 |    23 |     6 ||    31
Armor: Animal skin       |     7 |       |       ||     7
       Chain mail        |    18 |       |       ||    18
       Plate armour      |    14 |    79 |    44 ||   137
Dodge: Dodged            |    29 |    47 |    33 ||   109
